 Dungeon Crawl Stone Soup version 0.17.0-23-g0de4337 (webtiles) character file.

193507 xeno23 the Stormcaller (level 18, 0/118 HPs)
             Began as a Tengu Air Elementalist on Nov 12, 2015.
             Was the Champion of Vehumet.
             Slain by a salamander
             ... wielding a +1 trident
              (5 damage)
             ... on level 2 of the Snake Pit on Nov 13, 2015.
             The game lasted 05:26:46 (39007 turns).

xeno23 the Stormcaller (Tengu Air Elementalist)    Turns: 39007, Time: 05:26:51

Health: 0/118      AC: 14    Str: 19    XL:     18   Next: 27%
Magic:  27/54      EV: 22    Int: 21    God:    Vehumet [******]
Gold:   631        SH:  0    Dex: 13    Spells: 11 memorised, 0 levels left

rFire  + . .     SeeInvis .     a - +8 long sword "Ganucuda" {venom, MR+ Str+7 Dex-3}
rCold  + . .     Clarity  .     H - +2 robe {rC+ rF+}
rNeg   . . .     SustAt   .     (no shield)
rPois  +         Gourm    .     P - +2 hat
rElec  .         Spirit   .     I - +2 cloak {rPois}
rCorr  .         Warding  .     r - +2 pair of gloves
rMut   .         Stasis   .     (boots unavailable)
MR     ++...                    w - amulet of regeneration
Stlth  ++........               A - ring of magical power
                                g - ring of Dim Light {MP+9 Str+2 Slay+3}

@: flying quickly and evasively, very slightly contaminated, regenerating
(expiring), constricted, repel missiles, quick, very resistant to hostile
enchantments, unstealthy
A: beak, talons 3, slimy green scales 1, able to fly 2
a: Stop Flying, Renounce Religion
}: 1/15 runes: barnacled


You were on level 2 of the Snake Pit.
You worshipped Vehumet.
Vehumet was exalted by your worship.
You were near starving.

You visited 6 branches of the dungeon, and saw 34 of its levels.
You visited 1 bazaar.
You also visited: Ossuary, Bailey and Volcano.

You collected 4085 gold pieces.
You spent 3454 gold pieces at shops.

Inventory:

Hand Weapons
 a - the +8 long sword "Ganucuda" (weapon) {venom, MR+ Str+7 Dex-3}
   (You found it in a bailey)

   It poisons the flesh of those it strikes.
   It affects your strength (+7).
   It affects your dexterity (-3).
   It affects your resistance to hostile enchantments.
Armour
 r - a +2 pair of gloves (worn)
 H - a +2 robe of resistance (worn)
 I - a +2 cloak of poison resistance (worn)
 P - a +2 hat (worn)
Magical Staves
 i - an uncursed staff of conjuration
 s - an uncursed staff of air
Jewellery
 g - the ring of Dim Light (left hand) {MP+9 Str+2 Slay+3}
   (You bought it in a shop on level 3 of the Orcish Mines)

   [ring of slaying]

   It affects your strength (+2).
   It affects your accuracy and damage with ranged weapons and melee attacks
   (+3).
   It affects your magic capacity (+9).
 l - an uncursed ring of protection from magic
 v - an uncursed amulet of resist mutation
 w - an amulet of regeneration (around neck)
 A - a ring of magical power (right hand)
 K - an uncursed ring of see invisible
Wands
 p - a wand of digging (14)
 M - a wand of fire (8)
 O - a wand of heal wounds (6)
 S - a wand of teleportation (4)
 T - a wand of hasting (4)
Scrolls
 f - 2 scrolls of magic mapping
 h - 13 scrolls of remove curse
 j - 3 scrolls of recharging
 n - 13 scrolls of teleportation
 q - 5 scrolls of fog
 D - 2 scrolls of blinking
 E - 6 scrolls of fear
Potions
 b - a potion of invisibility
 d - 3 potions of cancellation
 e - 5 potions of magic
 o - 5 potions of might
 u - 4 potions of heal wounds
 x - 6 potions of haste
 G - 5 potions of brilliance
 L - 5 potions of agility
 R - 13 potions of curing
 U - a potion of resistance
Miscellaneous
 z - a fan of gales
Comestibles
 c - 20 bread rations
 k - 18 beef jerkies
 m - 2 chunks of flesh
 C - 4 meat rations


   Skills:
 - Level 14.8 Fighting
 - Level 15.0 Dodging
 - Level 2.0 Stealth
 + Level 13.2 Spellcasting
 - Level 17.6 Conjurations
 - Level 4.0 Necromancy
 - Level 17.9 Air Magic
 - Level 5.0 Poison Magic


You couldn't memorise any spells.
You knew the following spells:

 Your Spells              Type           Power        Failure   Level  Hunger
a - Shock                 Conj/Air       ####         0%          1    None
b - Swiftness             Chrm/Air       ######..     1%          2    None
c - Airstrike             Air            ######....   1%          4    None
d - Poisonous Cloud       Conj/Pois/Air  ######....   1%          6    #####..
e - Regeneration          Chrm/Necr      ###.......   10%         3    None
q - Static Discharge      Conj/Air       ######..     0%          3    None
r - Repel Missiles        Chrm/Air       ######       1%          2    None
s - Chain Lightning       Conj/Air       ######....   5%          8    #######
v - Blink                 Tloc           N/A          10%         2    None
w - Lightning Bolt        Conj/Air       ######....   1%          5    ####...
x - Orb of Destruction    Conj           ######....   1%          7    #######


Dungeon Overview and Level Annotations

Branches:
Dungeon (15/15)            Temple (1/1) D:4            Lair (8/8) D:8
 Shoals (4/4) Lair:3        Snake (2/4) Lair:3        Slime (0/6) Lair:7
    Orc (4/4) D:11            Elf (0/3) Orc:3        Vaults (0/5) D:13
 Depths (0/5) D:15

Altars:
Ashenzari
Cheibriados
Dithmenos
Elyvilon
Fedhas
Gozag
Kikubaaqudgha
Makhleb
Nemelex Xobeh
Okawaru
Qazlal
Ru
Sif Muna
Trog
Vehumet
Xom
Yredelemnul
Zin
The Shining One
Jiyva

Shops:
D:6 (   D:11 ?   D:12 }   Orc:3 =   Orc:4 [:(!*

Annotations:
D:7 3 exclusions
Snake:2 zkyp's ghost, adept TrWr


Innate Abilities, Weirdness & Mutations

You have a beak for a mouth.
You have claws for feet.
You can fly continuously.
You are partially covered in slimy green scales (AC +2).


Message History

Your skin is crawling a little less now.
The shock serpent barely misses you. The mana viper closely misses you.
The naga warrior loses its grip on you. The black mamba barely misses you.
The salamander closely misses you.
The shock serpent completely misses you.
The mana viper completely misses you. The black mamba completely misses you.
The naga completely misses you. The naga grabs you. The naga constricts you.
Casting: Regeneration
Confirm with . or Enter, or press ? or * to list all spells.
Your attempt to break free from the naga fails, but you feel that another attempt might succeed.
The shock serpent bites you!
* * * LOW HITPOINT WARNING * * *
The shock serpent shocks you!
* * * LOW HITPOINT WARNING * * *
The black mamba bites you.
* * * LOW HITPOINT WARNING * * *
The salamander hits you with an enchanted trident!
* * * LOW HITPOINT WARNING * * *
You are engulfed in flames.
You resist.
You die...

#..... #......
##...8...
##........
##......#
#######..8..#####
##(8.##...........
#.....#...NS......
#8S<..'.8S@N8..8..
#.....#)NSS....W..
##ยง8.##...........
#######..8..#####
##..... ##.....
##...8. #$....


You could see a naga warrior, a salamander, a shock serpent, a mana viper, a
guardian serpent, a black mamba, a naga and zkyp's ghost.

Vanquished Creatures
  Rupert (D:12)
  2 krakens
  Ilsuiw (Shoals:4)
  2 orc warlords
  The ghost of inmateoo the Bewitcher, an adept FeEn of Dithmenos (Snake:1)
  5 merfolk javelineers
  Snorg (Orc:4)
  10 merfolk impalers
  2 fire dragons (D:15)
  A vault guard (D:13)
  An anaconda (Snake:1)
  3 centaur warriors
  A naga warrior (Snake:1)
  6 hydras
  3 satyrs
  5 merfolk aquamancers
  3 merfolk avatars
  3 catoblepae (Lair:8)
  2 alligator snapping turtles
  30 death yaks
  The ghost of septik the Severer, a novice MiBe of Trog (Bailey)
  A shock serpent (Snake:1)
  Urug (Orc:3)
  Sonja (D:12)
  Nergalle (D:12)
  2 orc high priests (Orc:4)
  12 sea snakes
  3 unseen horrors
  15 harpies
  A wizard (D:14)
  A lindwurm (Volcano)
  3 hill giants
  12 griffons
  4 necromancers (D:13)
  7 orc knights
  An oklob plant (Lair:3)
  A mana viper (Snake:1)
  3 salamanders (Snake:1)
  3 orc sorcerers
  6 fauns (Shoals:3)
  14 manticores
  8 water nymphs
  2 cyclopes
  7 ugly things
  2 guardian serpents (Snake:1)
  Maurice (Orc:2)
  9 sirens
  A toenail golem (Volcano)
  6 naga magi (Snake:1)
  2 gargoyles (Volcano)
  13 black mambas
  A torpor snail (Lair:6)
  An efreet (D:15)
  15 spiny frogs
  A molten gargoyle (Volcano)
  A centaur skeleton (D:14)
  The ghost of oplop the Ducker, a novice MfIE (D:5)
  A kobold demonologist (D:13)
  2 fire drakes
  12 komodo dragons
  9 trolls
  25 merfolk
  A polar bear (Lair:7)
  A harpy skeleton (D:15)
  2 two-headed ogres
  9 slime creatures
  2 wind drakes
  2 freezing wraiths
  A boulder beetle (Orc:3)
  7 snapping turtles
  32 blink frogs
  20 humans (D:13)
  A shadow (D:15)
  A wyvern (D:14)
  A wraith (D:15)
  3 water elementals
  59 yaks
  A deep elf fighter (D:8)
  Eustachio (D:6)
  5 basilisks
  A deep elf mage (D:14)
  7 hippogriffs
  Grum (D:11)
  A hungry ghost (D:13)
  17 nagas
  10 wolves
  3 wargs
  16 water moccasins
  2 mottled dragons
  The ghost of emiel the Firebug, an amateur FoFE (D:3)
  3 vampire mosquitoes (D:13)
  3 soldier ants
  A swamp drake (D:11)
  3 black bears
  38 orc warriors
  9 porcupines
  5 phantoms
  A wasp (D:13)
  4 ice beasts
  A sky beast (D:8)
  A necrophage (D:12)
  3 eyes of draining
  15 centaurs
  12 ogres
  2 brain worms
  16 crocodiles
  6 elf zombies (Ossuary)
  16 giant frogs
  2 gnoll sergeants
  A wyvern skeleton (D:8)
  5 scorpions
  A water moccasin skeleton (D:5)
  2 electric eels (Lair:4)
  A wasp zombie (D:9)
  8 crimson imps
  11 killer bees
  6 centaur zombies
  2 giant frog zombies
  A quasit (D:11)
  7 hounds
  25 orc priests
  3 gnoll shamans
  12 jellies
  26 orc wizards
  2 human zombies (Ossuary)
  8 iguanas
  25 sheep
  11 worker ants
  A killer bee zombie (D:11)
  A hound zombie (D:6)
  3 mummies (Ossuary)
  2 hound skeletons
  2 worker ant zombies
  16 adders
  60 gnolls
  83 river rats
  2 white imps (D:14)
  A shadow imp (D:7)
  An adder skeleton (D:5)
  6 worms
  7 giant geckos
  198 orcs
  10 giant cockroaches
  16 hobgoblins
  24 jackals
  3 quokkas
  5 ball pythons
  24 bats
  A giant gecko skeleton (D:6)
  5 giant newts
  12 goblins
  22 kobolds
  14 rats
  6 fungi
  8 plants
  A tentacle segment (Shoals:3)
1336 creatures vanquished.

Vanquished Creatures (others)
  An orc (D:11)
  34 fungi
  10 plants
  12 tentacles
  115 tentacle segments (Shoals:3)
172 creatures vanquished.

Grand Total: 1508 creatures vanquished

Notes
Turn   | Place    | Note
--------------------------------------------------------------
     0 | D:1      | xeno23 the Tengu Air Elementalist began the quest for the Orb.
     0 | D:1      | Reached XP level 1. HP: 10/10 MP: 4/4
    85 | D:1      | Reached XP level 2. HP: 10/15 MP: 1/6
   324 | D:1      | Reached XP level 3. HP: 12/19 MP: 1/7
   818 | D:2      | Learned a level 2 spell: Swiftness
   822 | D:2      | Learned a level 3 spell: Static Discharge
   946 | D:2      | Reached XP level 4. HP: 24/24 MP: 7/9
  1105 | D:2      | Reached skill level 5 in Air Magic
  1447 | D:2      | Noticed a moth of wrath
  1451 | D:2      | Found a bloodstained altar of Trog.
  1642 | D:2      | Gained mutation: You can fly. [Tengu growth]
  1642 | D:2      | Reached XP level 5. HP: 28/28 MP: 6/10
  1807 | D:3      | Noticed emiel's ghost (amateur FoFE)
  1816 | D:3      | Learned a level 2 spell: Repel Missiles
  2006 | D:3      | Found a deep blue altar of Sif Muna.
  2108 | D:3      | Found an ancient bone altar of Kikubaaqudgha.
  2746 | D:4      | Found a shimmering altar of Xom.
  2795 | D:4      | Found a white marble altar of Elyvilon.
  2896 | D:4      | Reached XP level 6. HP: 32/32 MP: 6/12
  2991 | D:4      | Found a staircase to the Ecumenical Temple.
  2996 | Temple   | Entered the Ecumenical Temple
  3019 | Temple   | Became a worshipper of Vehumet
  3320 | D:4      | Reached skill level 6 in Air Magic
  3503 | D:3      | Killed emiel's ghost
  3503 | D:3      | Reached skill level 5 in Conjurations
  3564 | D:5      | Entered Level 5 of the Dungeon
  3564 | D:5      | Noticed oplop's ghost (novice MfIE)
  3672 | D:5      | Found a sand-covered staircase.
  3679 | Ossuary  | Entered an ossuary
  3998 | Ossuary  | Reached XP level 7. HP: 34/36 MP: 14/14
  4166 | Ossuary  | Reached skill level 7 in Air Magic
  4581 | Ossuary  | Reached XP level 8. HP: 18/41 MP: 8/16
  4783 | Ossuary  | Reached skill level 5 in Spellcasting
  4783 | Ossuary  | Reached skill level 8 in Air Magic
  4924 | D:5      | HP: 1/41 [centaur/arrow (6)]
  4943 | D:5      | Reached * piety under Vehumet
  4943 | D:5      | Offered knowledge of Sting by Vehumet.
  5258 | D:5      | Found a shadowy altar of Dithmenos.
  5418 | D:5      | Reached skill level 9 in Air Magic
  5584 | D:6      | Offered knowledge of Searing Ray by Vehumet.
  5584 | D:6      | Reached XP level 9. HP: 24/45 MP: 19/19
  5591 | D:6      | Learned a level 5 spell: Lightning Bolt
  5767 | D:6      | Found an iron altar of Okawaru.
  5770 | D:6      | Reached ** piety under Vehumet
  5776 | D:6      | Found Wysoch Goschy's Antique Weapon Shop.
  6013 | D:6      | Noticed Eustachio
  6016 | D:6      | Killed Eustachio
  6028 | D:6      | Reached skill level 1 in Fighting
  6332 | D:5      | Reached skill level 10 in Air Magic
  6553 | D:5      | Killed oplop's ghost
  6598 | D:5      | Offered knowledge of Inner Flame by Vehumet.
  6641 | D:5      | Reached *** piety under Vehumet
  6929 | D:5      | Offered knowledge of Airstrike by Vehumet.
  7433 | D:7      | Learned a level 4 spell: Airstrike
  7443 | D:7      | Reached XP level 10. HP: 56/56 MP: 21/21
  7525 | D:7      | Reached skill level 5 in Dodging
  7717 | D:7      | Found a blossoming altar of Fedhas.
  7767 | D:7      | Reached **** piety under Vehumet
  7937 | D:7      | Learned a level 3 spell: Regeneration
  7964 | D:7      | Reached skill level 10 in Conjurations
  7973 | D:7      | Found a glowing silver altar of Zin.
  8115 | D:8      | Found a burning altar of Makhleb.
  8171 | D:8      | Offered knowledge of Stone Arrow by Vehumet.
  8433 | D:8      | Found a staircase to the Lair.
  8434 | D:8      | Reached skill level 5 in Fighting
  8497 | D:8      | Found a sacrificial altar of Ru.
  8690 | D:8      | Reached ***** piety under Vehumet
  8795 | D:9      | Offered knowledge of Irradiate by Vehumet.
  9263 | D:9      | Found a sparkling altar of Nemelex Xobeh.
  9265 | D:9      | Found a glowing golden altar of the Shining One.
  9266 | D:9      | Found a snail-covered altar of Cheibriados.
  9491 | D:9      | Reached skill level 11 in Air Magic
  9697 | D:10     | Entered Level 10 of the Dungeon
  9713 | D:10     | Reached XP level 11. HP: 54/64 MP: 11/23
  9931 | D:10     | Found a flagged portal.
  9956 | Bailey   | Entered a bailey
 10072 | Bailey   | Noticed an orc warlord
 10129 | Bailey   | Noticed septik's ghost (novice MiBe)
 10145 | Bailey   | Killed septik's ghost
 10155 | Bailey   | Noticed an orc knight
 10171 | Bailey   | Killed an orc knight
 10349 | Bailey   | Found a runed gate.
 10366 | Bailey   | Found a runed gate.
 10367 | Bailey   | Found a runed gate.
 10427 | Bailey   | Killed an orc warlord
 10457 | Bailey   | Got a scorched long sword
 10675 | D:10     | Identified the +8 long sword "Ganucuda" {venom, MR+ Str+7 Dex-3} (You found it in a bailey)
 10759 | Lair:1   | Entered Level 1 of the Lair of Beasts
 10794 | Lair:1   | Gained mutation: You have supernaturally acute eyesight. [potion of mutation]
 10794 | Lair:1   | Gained mutation: You can spit weak poison. [potion of mutation]
 10794 | Lair:1   | Gained mutation: Your magical capacity is low (-10% MP). [potion of mutation]
 10797 | Lair:1   | Lost mutation: You can spit weak poison. [potion of cure mutation]
 10797 | Lair:1   | Lost mutation: Your magical capacity is low (-10% MP). [potion of cure mutation]
 10797 | Lair:1   | Lost mutation: You have supernaturally acute eyesight. [potion of cure mutation]
 11174 | Lair:1   | Found a dark tunnel.
 11184 | Volcano  | Entered a volcano
 11303 | Volcano  | Noticed a lindwurm
 11306 | Volcano  | Killed a lindwurm
 12315 | Lair:2   | Reached XP level 12. HP: 19/73 MP: 20/25
 12423 | Lair:2   | Reached skill level 12 in Air Magic
 12781 | Lair:2   | Offered knowledge of Poisonous Cloud by Vehumet.
 13283 | Lair:3   | Reached skill level 1 in Necromancy
 13488 | Lair:3   | Found a staircase to the Snake Pit.
 13651 | Lair:3   | Found a staircase to the Shoals.
 13927 | Lair:3   | Reached skill level 10 in Dodging
 14436 | Lair:4   | Noticed a five-headed hydra
 14445 | Lair:4   | Killed a five-headed hydra
 14454 | Lair:4   | Learned a level 6 spell: Poisonous Cloud
 14638 | Lair:4   | Reached skill level 1 in Poison Magic
 14871 | Lair:5   | Reached XP level 13. HP: 80/80 MP: 27/27
 15888 | Lair:5   | Noticed a six-headed hydra
 15896 | Lair:5   | Killed a six-headed hydra
 16750 | Lair:6   | Found a runed door.
 16790 | Lair:6   | Reached skill level 13 in Air Magic
 16860 | Lair:6   | Got a shimmering large shield
 16916 | Lair:6   | Got a polished ring mail
 17069 | Lair:6   | Reached skill level 10 in Fighting
 17571 | Lair:7   | Offered knowledge of Bolt of Fire by Vehumet.
 17744 | Lair:7   | Reached skill level 5 in Poison Magic
 18023 | Lair:7   | Gained mutation: You can fly continuously. [Tengu growth]
 18023 | Lair:7   | Reached XP level 14. HP: 50/88 MP: 4/28
 18777 | Lair:7   | Found a staircase to the Slime Pits.
 19419 | Lair:8   | Entered Level 8 of the Lair of Beasts
 19643 | Lair:8   | Offered knowledge of Ozocubu's Refrigeration by Vehumet.
 19643 | Lair:8   | Reached skill level 10 in Spellcasting
 20328 | Lair:8   | Reached skill level 14 in Air Magic
 20530 | Lair:8   | Reached XP level 15. HP: 59/96 MP: 15/30
 21278 | Lair:1   | Identified the +7 large shield "Ippi Sailil" {Int+6} (You found it on level 6 of the Lair of Beasts)
 21294 | Lair:1   | Identified the +4 ring mail "Weiclula" {rElec rC+ rN+ MP-9} (You found it on level 6 of the Lair of Beasts)
 21411 | D:11     | Found Necuar's Magic Scroll Emporium.
 21415 | D:11     | Bought a scroll of identify for 24 gold pieces
 21415 | D:11     | Bought a scroll of identify for 24 gold pieces
 21415 | D:11     | Bought a scroll of identify for 24 gold pieces
 21415 | D:11     | Bought a scroll of identify for 24 gold pieces
 21415 | D:11     | Bought a scroll of fog for 24 gold pieces
 21416 | D:11     | Bought 3 scrolls of magic mapping for 126 gold pieces
 21542 | D:11     | Noticed Grum
 21546 | D:11     | Killed Grum
 21546 | D:11     | Reached ****** piety under Vehumet
 22347 | D:11     | Offered knowledge of Poison Arrow by Vehumet.
 22442 | D:11     | Found a staircase to the Orcish Mines.
 22929 | Orc:1    | Entered Level 1 of the Orcish Mines
 23216 | Orc:3    | Found Odwin's Jewellery Boutique.
 23235 | Orc:3    | Bought the ring of Dim Light {MP+9 Str+2 Slay+3} for 843 gold pieces
 23235 | Orc:3    | Bought an uncursed amulet of regeneration for 450 gold pieces
 23250 | Orc:3    | Found a staircase to the Elven Halls.
 23431 | Orc:3    | Noticed Urug
 23437 | Orc:3    | Killed Urug
 23826 | Orc:2    | Noticed Maurice
 23847 | Orc:2    | Killed Maurice
 24040 | Orc:2    | Offered knowledge of Orb of Destruction by Vehumet.
 24051 | Orc:2    | Learned a level 7 spell: Orb of Destruction
 24760 | Orc:4    | Entered Level 4 of the Orcish Mines
 25128 | Orc:4    | Noticed Snorg
 25263 | Orc:4    | Found Affisuf's Antique Armour Shop.
 25476 | Orc:4    | Bought a pair of runed gloves for 148 gold pieces
 25476 | Orc:4    | Bought a pair of runed gloves for 148 gold pieces
 25510 | Orc:4    | Killed Snorg
 25554 | Orc:4    | Found Fufiem's Book Shoppe.
 26059 | Orc:4    | Found Yseur's Distillery.
 26076 | Orc:4    | Bought a potion of heal wounds for 50 gold pieces
 26076 | Orc:4    | Bought 2 potions of magic for 160 gold pieces
 26076 | Orc:4    | Found Qaocris's General Store.
 26090 | Orc:4    | Bought a +2 cloak of poison resistance for 296 gold pieces
 26128 | Orc:4    | Found Toodghal's Antique Weapon Shop.
 26951 | D:12     | Noticed Sonja
 26957 | D:12     | Killed Sonja
 27038 | D:12     | Noticed Nergalle
 27044 | D:12     | Killed Nergalle
 27302 | D:12     | Offered knowledge of Freezing Cloud by Vehumet.
 27368 | D:12     | Found Rebiul's Quality Used Wands.
 27382 | D:12     | Bought a wand of heal wounds (0) for 408 gold pieces
 27662 | D:12     | Noticed Rupert
 27676 | D:12     | Killed Rupert
 27786 | D:13     | Reached skill level 15 in Air Magic
 28052 | D:13     | Reached XP level 16. HP: 68/104 MP: 9/31
 28058 | D:13     | Found a gate to the Vaults.
 29197 | D:14     | Offered knowledge of Fire Storm by Vehumet.
 29197 | D:14     | Offered knowledge of Glaciate by Vehumet.
 29197 | D:14     | Offered knowledge of Chain Lightning by Vehumet.
 29371 | D:14     | Reached skill level 15 in Conjurations
 30052 | D:15     | Entered Level 15 of the Dungeon
 30061 | D:15     | Upgraded the game from 0.17.0-22-g5edae84 to 0.17.0-23-g0de4337
 30701 | D:15     | Found a staircase to the Depths.
 30833 | D:15     | Reached skill level 15 in Dodging
 31433 | Lair:1   | Gained mutation: You are partially covered in slimy green scales (AC +2). [potion of beneficial mutation]
 31450 | Lair:1   | Learned a level 2 spell: Blink
 31559 | Shoals:1 | Entered Level 1 of the Shoals
 31691 | Shoals:1 | You are sucked into a shaft!
 31742 | Shoals:1 | Got a brightly glowing steel ring
 31803 | Shoals:1 | Found a flickering gateway to a bazaar.
 31812 | Bazaar   | Entered a bazaar
 31812 | Bazaar   | Found Vuirer's Weapon Emporium.
 31812 | Bazaar   | Found Nedosh's Antique Weapon Shoppe.
 31812 | Bazaar   | Found Nimn's Jewellery Shoppe.
 31812 | Bazaar   | Found Zunuim's Weapon Emporium.
 31812 | Bazaar   | Found Fecaschof's General Store.
 31836 | Bazaar   | Bought an uncursed amulet of resist mutation for 600 gold pieces
 31838 | Bazaar   | Bought a scroll of enchant armour for 105 gold pieces
 32305 | Shoals:1 | Identified the cursed ring "Jetelaujil" {Str+3 Int-3 Slay+3} (You found it on level 1 of the Shoals)
 32814 | Shoals:2 | Reached skill level 16 in Air Magic
 32991 | Shoals:2 | Identified a scroll of acquirement
 33241 | Shoals:2 | Reached XP level 17. HP: 68/111 MP: 8/33
 34381 | Shoals:4 | Entered Level 4 of the Shoals
 34835 | Shoals:4 | Noticed Ilsuiw
 35443 | Shoals:3 | Reached skill level 17 in Air Magic
 35778 | Shoals:4 | Killed Ilsuiw
 37298 | Shoals:4 | Reached XP level 18. HP: 111/118 MP: 30/35
 37379 | Shoals:4 | Got a barnacled rune of Zot
 37921 | Snake:1  | Entered Level 1 of the Snake Pit
 37921 | Snake:1  | Noticed inmateoo's ghost (adept FeEn)
 37925 | Snake:1  | Killed inmateoo's ghost
 38960 | Snake:1  | Learned a level 8 spell: Chain Lightning
 39005 | Snake:2  | Noticed zkyp's ghost (adept TrWr)
 39007 | Snake:2  | HP: 5/118 [salamander/enchanted trident (13)]
 39007 | Snake:2  | Slain by a salamander

Action                   |  1- 3 |  4- 6 |  7- 9 | 10-12 | 13-15 | 16-18 || total
-------------------------+-------+-------+-------+-------+-------+-------++-------
Melee: Unarmed           |    62 |       |       |       |       |       ||    62
       Dagger            |    16 |    12 |       |       |       |       ||    28
       Hand axe          |       |     6 |     5 |       |       |       ||    11
       Staff             |       |       |     3 |    23 |   108 |    87 ||   221
       Long sword        |       |       |       |    17 |    22 |   241 ||   280
       Spear             |       |       |       |     7 |       |       ||     7
 Cast: Shock             |    57 |   143 |   406 |   539 |  1070 |   529 ||  2744
       Static Discharge  |       |     6 |     4 |    66 |   158 |   148 ||   382
       Repel Missiles    |       |     1 |     2 |     2 |     2 |     9 ||    16
       Lightning Bolt    |       |       |     6 |    90 |   111 |   133 ||   340
       Swiftness         |       |       |     1 |       |     2 |     1 ||     4
       Airstrike         |       |       |       |     8 |       |     7 ||    15
       Regeneration      |       |       |       |    18 |    16 |    24 ||    58
       Poisonous Cloud   |       |       |       |       |    81 |    61 ||   142
       Orb of Destructio |       |       |       |       |       |    78 ||    78
       Blink             |       |       |       |       |       |     8 ||     8
       Chain Lightning   |       |       |       |       |       |     2 ||     2
 Abil: Fly               |       |     1 |     8 |    11 |     5 |     2 ||    27
       Stop Flying       |       |       |       |       |       |     2 ||     2
Evoke: Wand              |       |       |       |       |       |     3 ||     3
  Use: Scroll            |       |     9 |     4 |    20 |     8 |    22 ||    63
       Potion            |       |       |     2 |     2 |     1 |     8 ||    13
 Stab: Distracted        |       |       |       |       |       |     1 ||     1
  Eat: Chunk             |     1 |     7 |    12 |    36 |    84 |    84 ||   224
       Meat ration       |       |     1 |       |     2 |       |     6 ||     9
       Pizza             |       |       |       |     2 |     4 |     3 ||     9
       Fruit             |       |       |       |       |     4 |     8 ||    12
       Royal jelly       |       |       |       |       |       |     1 ||     1
